 Dungeon Crawl Stone Soup version 0.31.0 (webtiles) character file.

Game seed: 9913256332647050026

658 SnakkuSnakku7 the Cleaver (level 7, -2/52 HPs)
             Began as a Formicid Cinder Acolyte on Jan 20, 2024.
             Was a High Priest of Ignis.
             Slain by a gnoll
             ... wielding a +0 flail
             ... led by a gnoll sergeant
              (8 damage)
             ... on level 6 of the Dungeon.
             The game lasted 00:04:45 (3339 turns).

SnakkuSnakku7 the Cleaver (Formicid Cinder Acolyte) Turns: 3339, Time: 00:04:46

Health: -2/52      AC:  5    Str: 21    XL:     7   Next: 86%
Magic:  8/8        EV: 11    Int: 15    God:    Ignis [*****.]
Gold:   265        SH:  0    Dex:  9    Spells: 8/8 levels left

rFire   + . .        a - +2 hand axe (heavy)
rCold   + . .        (no shield)
rNeg    . . .        m - +2 leather armour "Suacs" {Rampage Will+ Int+2}
rPois   .            (helmet unavailable)
rElec   .            (no cloak)
rCorr   .            (no gloves)
SInv    +            (no boots)
Will    +....        (no amulet)
Stlth   +            u - ring of protection from cold
HPRegen 0.28/turn    w - ring of flight
MPRegen 0.11/turn

%: rampage
@: attractive, flying
A: permanent stasis, dig shafts and tunnels, antennae 3, four strong arms
a: Dig, Shaft Self, Renounce Religion, Fiery Armour, Foxfire Swarm, Rising Flame


You were on level 6 of the Dungeon.
You worshipped Ignis.
Ignis was extremely pleased with you.
You visited 1 branch of the dungeon, and saw 6 of its levels.

You collected 265 gold pieces.

Inventory:

Hand Weapons
 a - a +2 heavy hand axe (weapon)
 q - a -1 hand axe of flaming
Armour
 b - a +0 robe
 j - a +0 ring mail
 m - the +2 leather armour "Suacs" (worn) {Rampage Will+ Int+2}
   (You found it on level 2 of the Dungeon)

   Int+2:     It affects your intelligence (+2).
   Will+:     It increases your willpower.
   Rampage:   It bestows one free step when moving towards enemies.
Jewellery
 u - a ring of protection from cold (left hand)
 w - a ring of flight (right hand)
Wands
 n - a wand of iceblast (10)
Scrolls
 c - 2 scrolls of poison {unknown}
 d - 2 scrolls of teleportation {unknown}
 e - 7 scrolls of identify {unknown}
 i - 2 scrolls of immolation {unknown}
 k - a scroll of fog {unknown}
 l - a scroll of fear {unknown}
 s - a scroll of amnesia {unknown}
 x - a scroll of revelation {unknown}
 y - a scroll of vulnerability {unknown}
 z - a scroll of acquirement {unknown}
Potions
 f - a potion of lignification
 g - a potion of attraction
 h - a potion of enlightenment {unknown}
 o - 2 potions of curing {unknown}
 p - 2 potions of resistance {unknown}
 r - a potion of brilliance {unknown}
 t - 2 potions of heal wounds {unknown}
 v - a potion of invisibility {unknown}


   Skills:
 - Level 3.2 Fighting
 + Level 8.6 Axes
 - Level 1.1 Spellcasting
 - Level 3.0 Fire Magic


You had 8 spell levels left.
You didn't know any spells.
Your spell library contained the following spells:

 Spells                   Type           Power      Damage    Failure   Level
 Scorch                   Fire           18%        2d5       12%         2


Dungeon Overview and Level Annotations

Branches:
Dungeon (6/15)             Temple (0/1) D:4

Altars:
Dithmenos
Nemelex Xobeh

Shops:
D:3 :


Innate Abilities, Weirdness & Mutations

You cannot be hasted, slowed, berserked, paralysed or teleported.
You can dig through walls and to a lower floor.
You have a pair of large antennae on your head. (SInv)
Your four strong arms can wield two-handed weapons with a shield.


Message History

The iguana misses you.
You barely miss the iguana.
The iguana is almost dead.
The iguana closely misses you.
You hit the iguana.
You kill the iguana!
You see here an iguana corpse.
Found a stone staircase leading down.
You sense a monster nearby.
You sense a monster nearby.
A gnoll sergeant and a gnoll come into view.
The gnoll sergeant shouts!
The gnoll shouts!
You hear a shout!
A gnoll comes into view. It is wielding a +0 spear.
A gnoll comes into view. It is wielding a +0 flail.
A gnoll comes into view.
It is wielding a +0 club and quivering a throwing net.
A gnoll comes into view. It is wielding a +0 halberd.
The gnoll shouts! x2
You rampage towards the gnoll!
You hit the gnoll.
The gnoll is moderately wounded.
The gnoll sergeant hits you from afar with a +0 trident!
The gnoll hits you but does no damage.
You closely miss the gnoll.
The gnoll is moderately wounded.
The gnoll sergeant hits you from afar with a +0 trident!
The gnoll hits you but does no damage.
Unknown command.
The gnoll attacks as it pursues you! The gnoll hits you with a +0 flail!
* * * LOW HITPOINT WARNING * * *
The gnoll attacks as it pursues you! The gnoll closely misses you.
The gnoll attacks as it pursues you! The gnoll hits you with a +0 flail.
* * * LOW HITPOINT WARNING * * *
There is a stone staircase leading down here.
The gnoll hits you with a +0 flail.
* * * LOW HITPOINT WARNING * * *
You fly downwards.
There is a stone staircase leading up here.
It was a potion of attraction.
You feel attractive to monsters. The gnoll hits you with a +0 flail!
You die...

#####
...
#g#
#@#
#.#
#.#
...
#.#
...
...
#.#


You could see a gnoll.

Vanquished Creatures
  A black bear (D:4)
  A phantom (D:5)
  A scorpion (D:4)
  A bombardier beetle (D:5)
  A hound (D:4)
  Jessica (D:2)
  A sleepcap (D:4)
  2 iguanas
  2 orc wizards (D:4)
  Robin (D:2)
  3 adders
  7 gnolls
  A white imp (D:4)
  2 ufetubi (D:5)
  4 dart slugs
  A ribbon worm (D:3)
  6 orcs
  6 endoplasms
  2 giant cockroaches
  12 goblins
  13 hobgoblins
  3 jackals (D:1)
  2 quokkas (D:2)
  7 ball pythons
  3 bats
  2 frilled lizards
  5 kobolds
  7 rats
98 creatures vanquished.

Notes
Turn   | Place    | Note
-------+----------+-------------------------------------------
     0 | D:1      | SnakkuSnakku7 the Formicid Cinder Acolyte began the quest
                  | for the Orb.
     0 | D:1      | Reached XP level 1. HP: 18/18 MP: 2/2
    59 | D:1      | Reached XP level 2. HP: 24/24 MP: 3/3
   187 | D:1      | Found a faded altar of an unknown god.
   320 | D:1      | Reached skill level 4 in Axes
   320 | D:1      | Reached XP level 3. HP: 21/29 MP: 4/4
   560 | D:2      | Identified the +2 leather armour "Suacs" {Rampage Will+
                  | Int+2}
   565 | D:2      | Noticed Jessica
   567 | D:2      | Noticed Robin
   611 | D:2      | Killed Robin
   618 | D:2      | Killed Jessica
   619 | D:2      | Reached skill level 5 in Axes
   619 | D:2      | Reached XP level 4. HP: 17/35 MP: 5/5
   877 | D:2      | Found a sparkling altar of Nemelex Xobeh.
  1364 | D:3      | Reached XP level 5. HP: 29/41 MP: 6/6
  1692 | D:3      | Found Qapte's Vocational Training.
  2112 | D:4      | Reached skill level 6 in Axes
  2142 | D:4      | Reached XP level 6. HP: 11/47 MP: 7/7
  2151 | D:4      | HP: 3/70 [poisoned by a scorpion]
  2461 | D:4      | Reached skill level 7 in Axes
  2671 | D:4      | Noticed a black bear
  2672 | D:4      | Found a shadowy altar of Dithmenos.
  2677 | D:4      | Killed a black bear
  2678 | D:4      | Reached XP level 7. HP: 34/52 MP: 8/8
  2770 | D:4      | Found a staircase to the Ecumenical Temple.
  2783 | D:4      | Reached skill level 8 in Axes
  3090 | D:5      | Entered Level 5 of the Dungeon
  3339 | D:6      | Slain by a gnoll

Illustrated notes

Levels and vault maps discovered:
D:1:      dpeg_arrival_shelter, layout_rooms,
          dreamdust_ecumenical_altar_statues, minmay_pentomino_x4
D:2:      layout_loops_cross, basic_altar, serial_aquarium,
          aquarium_bridge_long_joined [aquarium_subvault_wall,
          aquarium_subvault_bridge, aquarium_subvault_wall,
          aquarium_subvault_balcony, aquarium_subvault_wall,
          aquarium_subvault_bridge], aquarium_window_1, aquarium_window_1,
          aquarium_window_1, aquarium_view_2g, aquarium_pool_four,
          kennysheep_crisscross, uniq_jessica, uniq_robin
D:3:      layout_basic, nicolae_shop_vocational
D:4:      layout_basic, grunt_dithmenos_smoke, minmay_temple_entry_wispy
D:5:      layout_loops_ring, hellmonk_sif_muna_bookshelves
D:6:      minmay_chambers_of_fours, layout_basic, uniq_prince_ribbit1

Skill      XL: |  1  2  3  4  5  6  7 |
---------------+----------------------+-----
Axes           | 4 5 6 7 8 |  8.6
Fighting       | |  3.2
Spellcasting   | |  1.1
Fire Magic     | |  3.0

Action                     |  1- 3 |  4- 6 |  7- 9 || total
---------------------------+-------+-------+-------++-------
  Melee: Hand axe          |    98 |   143 |    60 ||   301
         Punch             |       |     3 |     2 ||     5
    Use: Potion            |       |     2 |     1 ||     3
 Armour: Robe              |    35 |       |       ||    35
         Ring mail         |    20 |     6 |       ||    26
         Leather armour    |       |   100 |    53 ||   153
         Skin              |       |     4 |       ||     4
  Dodge: Dodged            |    67 |    78 |    43 ||   188
